 Dungeon Crawl Stone Soup version 0.25-b1-46-gb8a1ec05df (webtiles) character file.

Game seed: 9944878257283385618

120 Anathary the Shield-Bearer (level 5, 0/33 HPs)
             Began as a Gargoyle Fighter on June 9, 2020.
             Was an Initiate of Cheibriados.
             Killed from afar by Sigmund (7 damage)
             ... with a puff of flame
             ... on level 2 of the Dungeon.
             The game lasted 00:06:45 (2082 turns).

Anathary the Shield-Bearer (Gargoyle Fighter)       Turns: 2082, Time: 00:06:46

Health: 0/33       AC: 12    Str: 20    XL:     5   Next: 4%
Magic:  5/5        EV:  5    Int: 10    God:    Cheibriados [......]
Gold:   74         SH:  0    Dex: 11    Spells: 4/4 levels left

rFire    x . .     SeeInvis .   a - +0 flail
rCold    + + .     Gourm    .   o - +0 tower shield
rNeg     + . .     Faith    .   b - +0 scale mail
rPois    ∞         Spirit   .   (no helmet)
rElec    +         Reflect  .   (no cloak)
rCorr    .         Harm     .   t - +0 pair of gloves
MR       .....                  (no boots)
Stlth    ..........             (no amulet)
HPRegen  0.11/turn              e - ring of ice
MPRegen  0.09/turn              j - ring of protection from cold

@: confused, very slow
A: negative energy resistance 1, electricity resistance, unbreathing,
petrification resistance, rot immunity, AC +4
a: Bend Time, Renounce Religion


You were on level 2 of the Dungeon.
You worshipped Cheibriados.
Cheibriados was noncommittal.
You were not hungry.

You visited 1 branch of the dungeon, and saw 2 of its levels.

You collected 74 gold pieces.

Inventory:

Hand Weapons
 a - a +0 flail (weapon)
Armour
 b - a +0 scale mail (worn)
 o - a +0 tower shield (worn)
 t - a +0 pair of gloves (worn)
Jewellery
 c - an uncursed ring of ice
 e - a ring of ice (left hand)
 i - a +4 ring of protection {unknown}
 j - a ring of protection from cold (right hand)
 k - an uncursed amulet of guardian spirit
Scrolls
 h - 2 scrolls of teleportation {unknown}
 m - a scroll of random uselessness {unknown}
 n - a scroll of enchant armour {unknown}
 p - a scroll of amnesia {unknown}
 q - a scroll of magic mapping {unknown}
 s - a scroll of fear {unknown}
 u - a scroll of identify {unknown}
Potions
 d - a potion of might
 g - 2 potions of ambrosia {unknown}
 l - 2 potions of lignification {unknown}
Comestibles
 f - 5 rations
 r - a chunk of flesh


   Skills:
 + Level 3.8 Fighting
 + Level 3.1 Maces & Flails
 + Level 3.9 Armour
 - Level 0.5 Dodging
 + Level 4.4 Shields


You had 4 spell levels left.
You didn't know any spells.
Your spell library was empty.

Dungeon Overview and Level Annotations

Branches:
Dungeon (2/15)

Altars:
Cheibriados
Gozag
Okawaru

Annotations:
D:2 Sigmund


Innate Abilities, Weirdness & Mutations

You are resistant to torment.
Your stone body is resilient. (AC +4)
You are immune to poison.
You resist negative energy. (rN+)
You are resistant to electric shocks. (rElec)
You can survive without breathing.
You are immune to petrification.
You are immune to rotting.


Message History

* * * LOW HITPOINT WARNING * * *
Your shield and scale mail prevent you from hitting Sigmund.
Sigmund is heavily wounded.
Sigmund hits you with a +0 scythe.
* * * LOW HITPOINT WARNING * * *
You closely miss Sigmund.
Sigmund is heavily wounded.
You block Sigmund's attack.
You closely miss Sigmund.
Sigmund is heavily wounded.
Sigmund hits you but does no damage.
You barely miss Sigmund.
Sigmund is heavily wounded.
Sigmund gestures at you while chanting.
You are confused.
You sock Sigmund!
Sigmund is almost dead.
Sigmund casts a spell at you. The puff of flame hits you!
The fire burns you terribly!
You die...

#.# #.# #.# #.#
#.# #.# #.# #.#
#.# #.# #.# #.#
#.# #.#
#@###########.#
#.@...........#
#############.#
#.# ###


You could see Sigmund.

Vanquished Creatures
  A hound (D:2)
  2 adders (D:2)
  A worm (D:2)
  3 dart slugs
  3 leopard geckos
  6 bats
  4 giant cockroaches
  7 hobgoblins
  A jackal (D:2)
  2 quokkas (D:2)
  4 frilled lizards (D:1)
  10 goblins
  8 kobolds
  9 rats
61 creatures vanquished.

Notes
Turn   | Place    | Note
-------+----------+-------------------------------------------
     0 | D:1      | Anathary the Gargoyle Fighter began the quest for the Orb.
     0 | D:1      | Reached XP level 1. HP: 14/14 MP: 1/1
   177 | D:1      | Reached XP level 2. HP: 15/19 MP: 2/2
   728 | D:1      | Reached XP level 3. HP: 20/23 MP: 3/3
  1521 | D:2      | Found an opulent altar of Gozag.
  1596 | D:2      | Reached skill level 4 in Shields
  1596 | D:2      | Reached XP level 4. HP: 29/29 MP: 4/4
  1692 | D:2      | Found an iron altar of Okawaru.
  1792 | D:2      | Found a snail-covered altar of Cheibriados.
  1823 | D:2      | Became a worshipper of Cheibriados the Contemplative
  1965 | D:2      | Reached XP level 5. HP: 25/33 MP: 5/5
  2048 | D:2      | Noticed Sigmund
  2082 | D:2      | Killed from afar by Sigmund

Illustrated notes

Levels and vault maps discovered:
D:1:      heliophobic_arrival_dark_side_of_the_moon, layout_loops_ring
D:2:      layout_basic, lemuel_crystal_altar, lemuel_round_altar,
          lemuel_crystal_altar, minmay_misc_feat_pillars,
          chequers_serial_rivers_micro_b, minmay_vboxes, uniq_sigmund

Skill      XL: |  1  2  3  4 |
---------------+-------------+-----
Shields        | 4 |  4.4
Maces & Flails | 3 |  3.1
Fighting       | |  3.8
Armour         | |  3.9
Dodging        | |  0.5

Action                   |  1- 3 |  4- 6 || total
-------------------------+-------+-------++-------
Melee: Flail             |   207 |    95 ||   302
  Eat: Chunk             |     3 |     2 ||     5
Armor: Scale mail        |   113 |    51 ||   164
Dodge: Dodged            |    59 |    14 ||    73
Block: Kite shield       |    70 |       ||    70
       Tower shield      |   100 |    72 ||   172
